 Dungeon Crawl Stone Soup version 0.21.1-1-g345015f (webtiles) character file.

483 prawnwizard the Ruffian (level 7, -7/46 HPs)
             Began as an Octopode Fighter on July 4, 2018.
             Mangled by a worker ant (8 damage)
             ... on level 5 of the Dungeon.
             The game lasted 00:07:40 (4366 turns).

prawnwizard the Ruffian (Octopode Fighter)          Turns: 4366, Time: 00:07:41

Health: -7/46      AC:  1    Str: 15    XL:     7   Next: 12%
Magic:  7/7        EV: 16    Int: 10    God:
Gold:   234        SH:  0    Dex: 14    Spells: 6/6 levels left

rFire    . . .     SeeInvis .     - Unarmed
rCold    . . .     Gourm    .   (no shield)
rNeg     . . .     Faith    .   (helmet restricted)
rPois    .         Spirit   .   (no amulet)
rElec    .         Reflect  .   (no ring)
rCorr    .         Harm     .   (no ring)
MR       .....                  (no ring)
Stlth    ++........             (no ring)
HPRegen  0.15/turn              (no ring)
MPRegen  0.10/turn              (no ring)
                                (no ring)
                                (no ring)

@: lethally poisoned (-7 -> -10), hasted, very quick
A: almost no armour, stealthy swim, amphibious, 8 rings, constrict 8, camouflage
1, gelatinous body 1
a: no special abilities


You were on level 5 of the Dungeon.
You were not hungry.

You visited 1 branch of the dungeon, and saw 5 of its levels.

You collected 234 gold pieces.

Inventory:

Armour
 a - a +0 shield
Jewellery
 g - an uncursed ring of protection from cold {unknown}
 m - an uncursed amulet of rage {unknown}
Scrolls
 e - 2 scrolls of fog {unknown}
 f - 2 scrolls of teleportation {unknown}
 i - 3 scrolls of remove curse {unknown}
 j - 3 scrolls of identify {unknown}
 n - 2 scrolls of fear {unknown}
 o - a scroll of magic mapping {unknown}
 p - a scroll of amnesia {unknown}
Potions
 b - 2 potions of might
 h - a potion of magic {unknown}
 k - a potion of agility {unknown}
 r - 2 potions of lignification {unknown}
 s - a potion of brilliance {unknown}
Books
 q - a book of Misfortune

   Spells                             Type                      Level
   a - Confusing Touch                Hexes                        1
   b - Confuse                        Hexes                        3
   c - Gell's Gravitas                Translocation                3
   d - Petrify                        Transmutation/Earth          4
   e - Metabolic Englaciation         Hexes/Ice                    5
   f - Yara's Violent Unravelling     Hexes/Transmutation          5
Comestibles
 c - 8 rations
 l - 6 chunks of flesh


   Skills:
 - Level 3.1 Fighting
 + Level 5.1 Dodging
 - Level 3.1 Shields
 * Level 6.1 Unarmed Combat


You had 6 spell levels left.
You didn't know any spells.

Dungeon Overview and Level Annotations

Branches:
Dungeon (5/15)
 Temple: D:4-7

Altars:
Hepliaklqana
Sif Muna
Trog

Annotations:
D:4 Sigmund


Innate Abilities, Weirdness & Mutations

You cannot wear most types of armour.
You are very stealthy in the water. (Stealth+)
You are amphibious.
You can wear up to eight rings at the same time.
You can use your tentacles to constrict eight enemies at once.
Your skin changes colour to match your surroundings (Stealth+).
Your rubbery body absorbs attacks. (AC +1, EV +1)


Message History

You constrict the adder.
You kill the adder!
You feel sick.
You barely miss the worker ant. You grab the worker ant.
You squeeze the worker ant, but do no damage.
You constrict the worker ant, but do no damage.
The worker ant bites you.
* * * LOW HITPOINT WARNING * * *
You bludgeon the worker ant!
The worker ant is heavily wounded.
You constrict the worker ant, but do no damage.
* * * LOW HITPOINT WARNING * * *
You feel sick. The worker ant closely misses you.
You tentacle-slap the worker ant. Your squeeze misses the worker ant.
The worker ant is heavily wounded.
You constrict the worker ant.
The worker ant bites you but does no damage.
It was a potion of haste.
You feel yourself speed up.
You constrict the worker ant. The worker ant bites you!
You die...

#.#...........
.#.#[.#......?.
..............#
##.............
.......$....#..
#..............
#......aa......
.......@.......
...............
.......#.......
......% #....[.
.#..... ......
......! ######
....... .......


You could see 2 worker ants.

Vanquished Creatures
  The ghost of prawnwizard the Insei, an amateur OpFi of Hepliaklqana (D:4)
  A howler monkey (D:4)
  2 orc wizards
  Terence (D:2)
  An iguana (D:3)
  2 worker ants (D:4)
  A hound skeleton (D:4)
  2 adders
  An ooze (D:1)
  2 adder skeletons (D:4)
  2 worms
  11 dart slugs
  3 leopard geckos
  2 orcs (D:3)
  3 giant cockroaches
  19 goblins
  12 hobgoblins
  10 jackals
  12 kobolds
  2 quokkas
  8 bats
  3 frilled lizards
  11 rats
112 creatures vanquished.

Notes
Turn   | Place    | Note
-------+----------+-------------------------------------------
     0 | D:1      | prawnwizard the Octopode Fighter began the quest for the Orb.
     0 | D:1      | Reached XP level 1. HP: 16/16 MP: 1/1
    55 | D:1      | Reached XP level 2. HP: 16/21 MP: 2/2
   164 | D:1      | Reached XP level 3. HP: 12/26 MP: 3/3
   693 | D:1      | Reached skill level 3 in Unarmed Combat
   963 | D:2      | Noticed Terence
   977 | D:2      | Killed Terence
   977 | D:2      | Reached XP level 4. HP: 8/31 MP: 4/4
  1289 | D:2      | Found a bloodstained altar of Trog.
  1983 | D:3      | Reached skill level 4 in Unarmed Combat
  1992 | D:3      | Reached XP level 5. HP: 36/36 MP: 5/5
  2007 | D:3      | Noticed a phantom
  3397 | D:3      | Reached XP level 6. HP: 12/42 MP: 6/6
  3618 | D:4      | Noticed prawnwizard's ghost (amateur OpFi)
  3621 | D:4      | Noticed Sigmund
  3747 | D:4      | Found a hazy altar of Hepliaklqana.
  3992 | D:4      | Killed prawnwizard's ghost
  3992 | D:4      | Reached skill level 5 in Unarmed Combat
  4129 | D:4      | Found a deep blue altar of Sif Muna.
  4197 | D:4      | Reached skill level 5 in Dodging
  4197 | D:4      | Reached XP level 7. HP: 38/46 MP: 7/7
  4316 | D:4      | Reached skill level 6 in Unarmed Combat
  4359 | D:5      | Entered Level 5 of the Dungeon
  4363 | D:5      | HP: 2/46 [worker ant (6)]
  4366 | D:5      | Mangled by a worker ant

Skill      XL: |  1  2  3  4  5  6  7 |
---------------+----------------------+-----
Unarmed Combat | 3 4 5 6 |  6.1
Dodging        | 4 5 |  5.1
Fighting       | |  3.1
Shields        | |  3.1

Action                   |  1- 3 |  4- 6 |  7- 9 || total
-------------------------+-------+-------+-------++-------
Melee: Unarmed           |    71 |   190 |    17 ||   278
       Tentacles         |    18 |    35 |     6 ||    59
       Constrict         |    22 |    50 |     5 ||    77
       Punch             |       |     6 |       ||     6
  Use: Potion            |       |       |     1 ||     1
 Stab: Sleeping          |     6 |    11 |     2 ||    19
  Eat: Chunk             |       |    10 |     1 ||    11
Armor: Skin              |     9 |    16 |     2 ||    27
Dodge: Dodged            |    57 |   130 |    11 ||   198
